Bruins vs Senateurs
(R1)
Created - October 25, 2018 at 22:12
Goals
|
Bruins |
1 |
0 |
2 |
3 |
Senateurs |
0 |
1 |
3 |
4 |
|
Shots
|
Bruins |
8 |
9 |
8 |
25 |
Senateurs |
10 |
6 |
17 |
33 |
|
1st period
1. Bruins , Nathan Horton 2 (Tim Connolly 1, Andrew Alberts 2) at 7:47
Penalties :
Tim Connolly (Bos) for Tripping (Minor) at 5:29, Brooks Orpik (Ott) for Hooking (Minor) at 9:36, Nathan Horton (Bos) for Interference (Minor) at 12:38
2nd period
2. Senateurs , Evgeni Malkin 3 (Thomas Vanek 4) at 0:34 (PP)
Penalties :
Wojtek Wolski (Bos) for Hooking (Minor) at 0:22, Henrik Sedin (Bos) for Holding (Minor) at 3:01, Wojtek Wolski (Bos) for Tripping (Minor) at 10:03, Brenden Morrow (Ott) for Hooking (Minor) at 15:22
3rd period
3. Senateurs , Radim Vrbata 1 (Thomas Vanek 5, Daniel Briere 3) at 3:38
4. Bruins , Henrik Sedin 1 (Nathan Horton 3, Shane O'Brien 3) at 6:25
5. Senateurs , Evgeni Malkin 4 (Thomas Vanek 6) at 8:03 (PP)
6. Senateurs , Colby Armstrong 3 (Brenden Morrow 4, Daniel Briere 4) at 15:10 (PP)
7. Bruins , Henrik Sedin 2 (Shane O'Brien 4, Wojtek Wolski 2) at 17:09 (PP)
Penalties :
Wojtek Wolski (Bos) for Cross-checking (Minor) at 7:58, Vladimir Mihalik (Ott) for Roughing (Minor) at 11:10, Jason Demers (Bos) for Hooking (Minor) at 13:36, Colton Parayko (Ott) for Roughing (Minor) at 15:54, Radim Vrbata (Ott) for Slashing (Minor) at 18:10
Goalie Stats
Kevin Poulin (Bos), 29 saves from 33 shots - (0.879), L, 2-4-0, 58:46 minutes
Ondrej Pavelec (Ott), 22 saves from 25 shots - (0.880), W, 4-2-0, 60:00 minutes
Players Stats for Bruins
Player Name G A P +/- PIM S H SB GA TA FO MP PP MP PK MP
------------------------------------------------------------------------------------
Andrew Alberts 0 1 1 1 0 0 0 1 1 0 0/0 20:57 3:29 3:48
Cam Fowler 0 0 0 1 0 2 2 1 0 0 0/0 20:57 3:29 3:48
Casey Cizikas 0 0 0 0 0 0 1 0 1 0 0/2 8:58 0:05 1:29
Dave Bolland 0 0 0 0 0 1 0 0 0 0 0/3 9:28 0:35 0:00
Henrik Sedin 2 0 2 1 2 5 2 0 0 0 14/30 23:50 5:44 4:57
Jason Demers 0 0 0 1 2 0 2 2 1 0 0/0 27:44 5:32 5:07
Kevin Bieksa 0 0 0 -1 0 0 0 0 0 0 0/0 11:18 0:00 0:52
Kris Chucko 0 0 0 -1 0 1 1 0 0 0 0/0 8:52 0:05 1:49
Matt Cooke 0 0 0 0 0 2 2 0 0 0 0/0 12:42 3:12 0:29
Nate Prosser 0 0 0 -1 0 0 1 0 0 0 0/0 10:26 0:00 0:00
Nathan Horton 1 1 2 2 2 6 0 3 0 0 1/1 20:38 5:42 1:35
Nikolai Zherdev 0 0 0 -1 0 1 1 0 0 0 0/0 7:18 0:23 0:00
Rene Bourque 0 0 0 0 0 2 1 0 0 0 4/7 12:22 0:00 3:29
Shane O'Brien 0 2 2 1 0 1 1 2 0 0 0/0 28:37 5:32 5:59
Tim Connolly 0 1 1 1 2 2 2 0 0 0 4/7 16:26 2:47 1:29
Victor Oreskovich 0 0 0 0 0 1 2 0 0 0 0/2 14:35 2:43 0:00
Viktor Stalberg 0 0 0 0 0 0 0 0 0 0 0/1 11:47 0:03 0:00
Wojtek Wolski 0 1 1 1 6 1 1 0 1 1 4/11 23:11 5:44 4:17
Players Stats for Senateurs
Player Name G A P +/- PIM S H SB GA TA FO MP PP MP PK MP
------------------------------------------------------------------------------------
Brandon Dubinsky 0 0 0 -1 0 0 0 0 0 0 1/2 8:29 0:00 1:04
Brenden Morrow 0 1 1 0 2 1 0 0 0 0 0/1 18:11 4:35 0:36
Brooks Orpik 0 0 0 0 2 0 0 1 0 0 0/0 12:02 0:00 0:00
Carlo Colaiacovo 0 0 0 0 0 1 0 1 0 2 0/0 20:52 3:17 3:01
Chris Kunitz 0 0 0 -1 0 0 1 1 0 0 0/0 7:46 0:00 0:26
Cody Franson 0 0 0 -1 0 0 3 4 0 1 0/0 26:43 6:30 6:00
Cody Hodgson 0 0 0 -1 0 3 0 1 0 0 5/7 8:56 0:01 0:00
Colby Armstrong 1 0 1 -1 0 4 0 0 0 0 2/3 13:08 4:36 0:00
Colton Parayko 0 0 0 0 2 1 2 1 0 0 0/0 16:59 0:00 0:42
Dan Hamhuis 0 0 0 -1 0 2 2 3 0 0 0/0 28:01 6:30 6:00
Daniel Briere 0 2 2 1 0 4 2 0 0 0 6/10 21:18 4:36 5:26
Evgeni Malkin 2 0 2 0 0 7 1 0 0 0 22/37 23:29 5:11 5:28
Marian Hossa 0 0 0 0 0 1 1 1 1 1 0/1 21:21 5:11 2:31
Radim Vrbata 1 0 1 1 2 3 1 0 0 0 0/0 11:35 0:00 0:00
Sergei Kostitsyn 0 0 0 -1 0 1 0 0 0 0 0/0 8:52 0:00 0:00
Thomas Vanek 0 3 3 1 0 3 2 0 0 0 1/3 19:38 5:11 2:31
Tomas Jurco 0 0 0 -1 0 2 3 0 0 0 0/0 7:15 0:00 0:00
Vladimir Mihalik 0 0 0 0 2 0 2 2 0 0 0/0 16:19 3:17 2:19
3 Stars
1 - Evgeni Malkin (Ott)
2 - Thomas Vanek (Ott)
3 - Henrik Sedin (Bos)
Power Play
Bruins - 1 on 5 Attempt(s) - 20.00%
Senateurs - 3 on 7 Attempt(s) - 42.86%
Penalty Kill
Bruins - 4 on 7 Attempt(s) - 57.14%
- Score 0 goal in Penalty Kill
Senateurs - 4 on 5 Attempt(s) - 80.00%
- Score 0 goal in Penalty Kill
Team Stat
Bruins - Hits : 19 - Faceoff Wins : 27 - Blocked Shots : 9 - Penalty Minutes : 14
Senateurs - Hits : 20 - Faceoff Wins : 37 - Blocked Shots : 15 - Penalty Minutes : 10
Official
Referees : Unknown
Linesman : Unknown
Game Notes
No Game Note
Finance
Level 1 -- Attendance: 5969 (99.48%) -- Ticket Income $495,427
Level 2 -- Attendance: 4631 (92.62%) -- Ticket Income $245,443
Level 3 -- Attendance: 2000 (100.00%) -- Ticket Income $66,000
Level 4 -- Attendance: 3720 (93.00%) -- Ticket Income $85,560
Luxury Box -- Attendance: 989 (98.90%) -- Ticket Income $153,295
Game was played at the Place Banque Scotia.
Total Attendance: 17309 (96.16%)
Total Ticket Income: $1,045,725
Other Income: $156,859
Total Income: $1,202,584
Bruins
5 vs 5 Forward
Center Left Wing Right Wing Time % Phy DF OF
1 Henrik Sedin Wojtek Wolski Nathan Horton 40 1 2 2
2 Tim Connolly Viktor Stalberg Victor Oreskovich 30 1 2 2
3 Dave Bolland Matt Cooke Rene Bourque 20 1 2 2
4 Casey Cizikas Kris Chucko Nikolai Zherdev 10 1 2 2
5 vs 5 Defense
Defense Defense Time % Phy DF OF
1 Jason Demers Shane O'Brien 40 1 2 2
2 Andrew Alberts Cam Fowler 30 1 2 2
3 Nate Prosser Kevin Bieksa 20 1 2 2
4 Jason Demers Shane O'Brien 10 1 2 2
PowerPlay Forward
Center Left Wing Right Wing Time % Phy DF OF
1 Henrik Sedin Wojtek Wolski Nathan Horton 60 1 2 2
2 Tim Connolly Matt Cooke Victor Oreskovich 40 1 2 2
PowerPlay Defense
Defense Defense Time % Phy DF OF
1 Jason Demers Shane O'Brien 60 1 2 2
2 Andrew Alberts Cam Fowler 40 1 2 2
Penalty Kill 4 Players Forward
Center Wing Time % Phy DF OF
1 Wojtek Wolski Henrik Sedin 60 1 2 2
2 Tim Connolly Nathan Horton 40 1 2 2
Penalty Kill 4 Players Defense
Defense Defense Time % Phy DF OF
1 Jason Demers Shane O'Brien 60 1 2 2
2 Andrew Alberts Cam Fowler 40 1 2 2
Penalty Kill - 3 Players Forward
Forward Time % Phy DF OF
1 Wojtek Wolski 60 1 2 2
2 Henrik Sedin 40 1 2 2
Penalty Kill - 3 Players Defense
Defense Defense Time % Phy DF OF
1 Jason Demers Shane O'Brien 60 1 2 2
2 Andrew Alberts Cam Fowler 40 1 2 2
4 vs 4 Forward
Center Wing Time % Phy DF OF
1 Wojtek Wolski Henrik Sedin 60 1 2 2
2 Tim Connolly Nathan Horton 40 1 2 2
4 vs 4 Defense
Defense Defense Time % Phy DF OF
1 Jason Demers Shane O'Brien 60 1 2 2
2 Andrew Alberts Cam Fowler 40 1 2 2
Last Minutes Offensive
Center Left Wing Right Wing Defense Defense
Henrik Sedin Wojtek Wolski Nathan Horton Jason Demers Shane O'Brien
Last Minutes Defensive
Center Left Wing Right Wing Defense Defense
Henrik Sedin Wojtek Wolski Nathan Horton Jason Demers Shane O'Brien
Goaltenders
Starting : Kevin Poulin
Backup : Craig Anderson
Extra Forwards
Normal : Dave Bolland, Viktor Stalberg, Rene Bourque - PP : Dave Bolland, Viktor Stalberg - PK : Rene Bourque
Extra Defensemen
Normal : Nate Prosser, Kevin Bieksa, Andrew Alberts - PP : Nate Prosser - PK : Kevin Bieksa, Andrew Alberts
Penalty Shots
Wojtek Wolski, Henrik Sedin, Tim Connolly, Nathan Horton, Victor Oreskovich
Scratches
None
Senateurs
5 vs 5 Forward
Center Left Wing Right Wing Time % Phy DF OF
1 Evgeni Malkin Brenden Morrow Marian Hossa 40 1 2 2
2 Daniel Briere Thomas Vanek Radim Vrbata 30 1 2 2
3 Cody Hodgson Sergei Kostitsyn Colby Armstrong 20 1 2 2
4 Brandon Dubinsky Chris Kunitz Tomas Jurco 10 1 2 2
5 vs 5 Defense
Defense Defense Time % Phy DF OF
1 Dan Hamhuis Colton Parayko 40 1 2 2
2 Carlo Colaiacovo Cody Franson 30 1 2 2
3 Brooks Orpik Vladimir Mihalik 20 1 2 2
4 Dan Hamhuis Cody Franson 10 1 2 2
PowerPlay Forward
Center Left Wing Right Wing Time % Phy DF OF
1 Evgeni Malkin Thomas Vanek Marian Hossa 60 1 2 2
2 Daniel Briere Brenden Morrow Colby Armstrong 40 1 2 2
PowerPlay Defense
Defense Defense Time % Phy DF OF
1 Dan Hamhuis Cody Franson 60 1 2 2
2 Carlo Colaiacovo Vladimir Mihalik 40 1 2 2
Penalty Kill 4 Players Forward
Center Wing Time % Phy DF OF
1 Evgeni Malkin Daniel Briere 60 1 2 2
2 Thomas Vanek Marian Hossa 40 1 2 2
Penalty Kill 4 Players Defense
Defense Defense Time % Phy DF OF
1 Dan Hamhuis Cody Franson 60 1 2 2
2 Carlo Colaiacovo Vladimir Mihalik 40 1 2 2
Penalty Kill - 3 Players Forward
Forward Time % Phy DF OF
1 Evgeni Malkin 60 1 2 2
2 Daniel Briere 40 1 2 2
Penalty Kill - 3 Players Defense
Defense Defense Time % Phy DF OF
1 Dan Hamhuis Cody Franson 60 1 2 2
2 Carlo Colaiacovo Vladimir Mihalik 40 1 2 2
4 vs 4 Forward
Center Wing Time % Phy DF OF
1 Evgeni Malkin Daniel Briere 60 1 2 2
2 Thomas Vanek Marian Hossa 40 1 2 2
4 vs 4 Defense
Defense Defense Time % Phy DF OF
1 Dan Hamhuis Cody Franson 60 1 2 2
2 Carlo Colaiacovo Vladimir Mihalik 40 1 2 2
Last Minutes Offensive
Center Left Wing Right Wing Defense Defense
Evgeni Malkin Thomas Vanek Marian Hossa Dan Hamhuis Cody Franson
Last Minutes Defensive
Center Left Wing Right Wing Defense Defense
Evgeni Malkin Thomas Vanek Marian Hossa Dan Hamhuis Cody Franson
Goaltenders
Starting : Ondrej Pavelec
Backup : Jeff Deslauriers
Extra Forwards
Normal : Cody Hodgson, Radim Vrbata, Brandon Dubinsky - PP : Cody Hodgson, Radim Vrbata - PK : Brandon Dubinsky
Extra Defensemen
Normal : Brooks Orpik, Colton Parayko, Carlo Colaiacovo - PP : Brooks Orpik - PK : Colton Parayko, Carlo Colaiacovo
Penalty Shots
Evgeni Malkin, Daniel Briere, Thomas Vanek, Marian Hossa, Brenden Morrow
Scratches
None
% Time on Ice - Bruins
Lines # - Real PCT - Wanted PCT - Time Play
Normal Forward
1 - 32% - 40% - 13:21
2 - 30% - 30% - 12:11
3 - 22% - 20% - 8:53
4 - 16% - 10% - 6:47
Normal Defense
1 - 40% - 40% - 16:37
2 - 33% - 30% - 13:40
3 - 25% - 20% - 10:26
4 - 1% - 10% - 0:29
PP Forward
1 - 65% - 60% - 5:49
2 - 35% - 40% - 3:12
PP Defense
1 - 61% - 60% - 5:32
2 - 39% - 40% - 3:29
PK Forward
1 - 77% - 60% - 7:30
2 - 23% - 40% - 2:17
PK Defense
1 - 61% - 60% - 5:59
2 - 39% - 40% - 3:48
PK3 Forward
1 - 0% - 60%
2 - 0% - 40%
PK3 Defense
1 - 0% - 60%
2 - 0% - 40%
44 Forward
1 - 0% - 60%
2 - 0% - 40%
44 Defense
1 - 0% - 60%
2 - 0% - 40%
Last Minute Offensive - 0:00
Last Minute Defensive - 0:00
Total
Forward - 60:00
Defense - 60:00
|
% Time on Ice - Senateurs
Lines # - Real PCT - Wanted PCT - Time Play
Normal Forward
1 - 31% - 40% - 12:55
2 - 30% - 30% - 12:10
3 - 22% - 20% - 8:52
4 - 18% - 10% - 7:15
Normal Defense
1 - 43% - 40% - 17:32
2 - 30% - 30% - 12:25
3 - 26% - 20% - 10:34
4 - 2% - 10% - 0:41
PP Forward
1 - 53% - 60% - 5:11
2 - 47% - 40% - 4:36
PP Defense
1 - 66% - 60% - 6:30
2 - 34% - 40% - 3:17
PK Forward
1 - 72% - 60% - 6:30
2 - 28% - 40% - 2:31
PK Defense
1 - 67% - 60% - 6:00
2 - 33% - 40% - 3:01
PK3 Forward
1 - 0% - 60%
2 - 0% - 40%
PK3 Defense
1 - 0% - 60%
2 - 0% - 40%
44 Forward
1 - 0% - 60%
2 - 0% - 40%
44 Defense
1 - 0% - 60%
2 - 0% - 40%
Last Minute Offensive - 0:00
Last Minute Defensive - 0:00
Total
Forward - 60:00
Defense - 60:00
|
Play by Play
1st period
0:01 of 1st period - Henrik Sedin wins face-off versus Evgeni Malkin in neutral zone.
1:07 of 1st period - Tomas Jurco is hit by Jason Demers and loses puck.
1:32 of 1st period - Slapshot by Nathan Horton.
1:32 of 1st period - Shot Blocked by Cody Franson.
1:40 of 1st period - Wrist shot by Brenden Morrow.
1:40 of 1st period - Shot Misses the Net.
2:00 of 1st period - Andrew Alberts is hit by Daniel Briere and loses puck.
2:17 of 1st period - Snap shot by Rene Bourque.
2:17 of 1st period - Stopped by Ondrej Pavelec without a rebound.
2:18 of 1st period - Evgeni Malkin wins face-off versus Henrik Sedin in Senateurs zone.
2:46 of 1st period - Dan Hamhuis is hit by Nate Prosser and loses puck.
3:15 of 1st period - Wrist shot by Colby Armstrong.
3:15 of 1st period - Stopped by Kevin Poulin without a rebound.
3:16 of 1st period - Henrik Sedin wins face-off versus Brenden Morrow in Bruins zone.
3:16 of 1st period - Henrik Sedin is hit by Evgeni Malkin.
3:34 of 1st period - Brooks Orpik is hit by Cam Fowler and loses puck.
4:09 of 1st period - Carlo Colaiacovo is hit by Matt Cooke and loses puck.
4:34 of 1st period - Wrist shot by Kris Chucko.
4:34 of 1st period - Stopped by Ondrej Pavelec without a rebound.
4:35 of 1st period - Evgeni Malkin wins face-off versus Casey Cizikas in Senateurs zone.
5:29 of 1st period - Minor Penalty to Tim Connolly for Tripping.
5:30 of 1st period - Evgeni Malkin wins face-off versus Wojtek Wolski in Bruins zone.
5:31 of 1st period - Snap shot by Thomas Vanek.
5:31 of 1st period - Deflect By Evgeni Malkin.
5:31 of 1st period - Shot Blocked by Shane O'Brien.
5:31 of 1st period - Puck is out of play.
5:32 of 1st period - Wojtek Wolski wins face-off versus Evgeni Malkin in Bruins zone.
7:04 of 1st period - Marian Hossa is hit by Cam Fowler and loses puck.
7:11 of 1st period - Cam Fowler is hit by Vladimir Mihalik and loses puck.
7:29 of 1st period - Penalty to Tim Connolly is over, Tim Connolly is back on ice.
7:47 of 1st period - Snap shot by Nathan Horton.
7:47 of 1st period - Goal by Nathan Horton - Bruins : 1 - Senateurs : 0.
7:48 of 1st period - Tim Connolly wins face-off versus Brandon Dubinsky in neutral zone.
7:56 of 1st period - Slapshot by Tomas Jurco.
7:56 of 1st period - Stopped by Kevin Poulin without a rebound.
7:57 of 1st period - Brandon Dubinsky wins face-off versus Tim Connolly in Bruins zone.
8:04 of 1st period - Wrist shot by Brandon Dubinsky.
8:04 of 1st period - Shot Misses the Net.
8:14 of 1st period - Slapshot by Brandon Dubinsky.
8:14 of 1st period - Deflect By Tomas Jurco.
8:14 of 1st period - Stopped by Kevin Poulin with a rebound.
9:09 of 1st period - Snap shot by Viktor Stalberg.
9:09 of 1st period - Shot Blocked by Chris Kunitz.
9:11 of 1st period - Snap shot by Tim Connolly.
9:11 of 1st period - Shot Blocked by Vladimir Mihalik.
9:13 of 1st period - Snap shot by Victor Oreskovich.
9:13 of 1st period - Stopped by Ondrej Pavelec with a rebound.
9:15 of 1st period - Wrist shot by Tim Connolly.
9:15 of 1st period - Shot Misses the Net.
9:36 of 1st period - Minor Penalty to Brooks Orpik for Hooking.
9:37 of 1st period - Daniel Briere wins face-off versus Henrik Sedin in Senateurs zone.
9:37 of 1st period - Daniel Briere is hit by Henrik Sedin.
9:48 of 1st period - Wrist shot by Wojtek Wolski.
9:48 of 1st period - Stopped by Ondrej Pavelec without a rebound.
9:49 of 1st period - Henrik Sedin wins face-off versus Evgeni Malkin in Senateurs zone.
9:56 of 1st period - Backhand shot by Henrik Sedin.
9:56 of 1st period - Shot Misses the Net.
9:58 of 1st period - Slapshot by Cam Fowler.
9:58 of 1st period - Shot Misses the Net.
11:36 of 1st period - Penalty to Brooks Orpik is over, Brooks Orpik is back on ice.
11:48 of 1st period - Marian Hossa is hit by Matt Cooke.
12:03 of 1st period - Nikolai Zherdev is hit by Thomas Vanek and loses puck.
12:16 of 1st period - Casey Cizikas is hit by Colton Parayko and loses puck.
12:29 of 1st period - Wrist shot by Nikolai Zherdev.
12:29 of 1st period - Stopped by Ondrej Pavelec without a rebound.
12:30 of 1st period - Cody Hodgson wins face-off versus Henrik Sedin in Senateurs zone.
12:35 of 1st period - Slapshot by Cody Hodgson.
12:35 of 1st period - Stopped by Kevin Poulin without a rebound.
12:36 of 1st period - Henrik Sedin wins face-off versus Colby Armstrong in Bruins zone.
12:38 of 1st period - Minor Penalty to Nathan Horton for Interference.
12:39 of 1st period - Colby Armstrong wins face-off versus Wojtek Wolski in Bruins zone.
12:39 of 1st period - Snap shot by Daniel Briere.
12:39 of 1st period - Stopped by Kevin Poulin with a rebound.
12:41 of 1st period - Slapshot by Dan Hamhuis.
12:41 of 1st period - Shot Blocked by Shane O'Brien.
12:43 of 1st period - Wrist shot by Daniel Briere.
12:43 of 1st period - Shot Misses the Net.
13:11 of 1st period - Slapshot by Marian Hossa.
13:11 of 1st period - Shot Blocked by Jason Demers.
13:13 of 1st period - Snap shot by Thomas Vanek.
13:13 of 1st period - Stopped by Kevin Poulin with a rebound.
13:23 of 1st period - Vladimir Mihalik is hit by Shane O'Brien and loses puck.
14:38 of 1st period - Penalty to Nathan Horton is over, Nathan Horton is back on ice.
15:51 of 1st period - Kevin Bieksa is hit by Radim Vrbata and loses puck.
16:10 of 1st period - Backhand shot by Nikolai Zherdev.
16:10 of 1st period - Deflect By Kris Chucko.
16:10 of 1st period - Shot Misses the Net.
16:10 of 1st period - Puck is out of play.
16:11 of 1st period - Evgeni Malkin wins face-off versus Casey Cizikas in Senateurs zone.
16:38 of 1st period - Snap shot by Rene Bourque.
16:38 of 1st period - Deflect By Matt Cooke.
16:38 of 1st period - Stopped by Ondrej Pavelec with a rebound.
16:50 of 1st period - Wrist shot by Sergei Kostitsyn.
16:50 of 1st period - Stopped by Kevin Poulin without a rebound.
16:51 of 1st period - Cody Hodgson wins face-off versus Henrik Sedin in Bruins zone.
16:56 of 1st period - Wrist shot by Colby Armstrong.
16:56 of 1st period - Stopped by Kevin Poulin without a rebound.
16:57 of 1st period - Cody Hodgson wins face-off versus Henrik Sedin in Bruins zone.
16:58 of 1st period - Wrist shot by Colby Armstrong.
16:58 of 1st period - Shot Blocked by Nathan Horton.
17:00 of 1st period - Slapshot by Cody Franson.
17:00 of 1st period - Deflect By Colby Armstrong.
17:00 of 1st period - Stopped by Kevin Poulin without a rebound.
17:01 of 1st period - Nathan Horton wins face-off versus Evgeni Malkin in Bruins zone.
17:01 of 1st period - Henrik Sedin is hit by Cody Franson and loses puck.
17:57 of 1st period - Wrist shot by Tim Connolly.
17:57 of 1st period - Stopped by Ondrej Pavelec with a rebound.
19:01 of 1st period - Snap shot by Daniel Briere.
19:01 of 1st period - Stopped by Kevin Poulin with a rebound.
Goals for this period are 1 for Bruins vs 0 for Senateurs.
Shots for this period are 8 for Bruins vs 10 for Senateurs.
2nd period
0:01 of 2nd period - Evgeni Malkin wins face-off versus Henrik Sedin in neutral zone.
0:04 of 2nd period - Snap shot by Brenden Morrow.
0:04 of 2nd period - Stopped by Kevin Poulin with a rebound.
0:06 of 2nd period - Snap shot by Evgeni Malkin.
0:06 of 2nd period - Shot Misses the Net.
0:08 of 2nd period - Slapshot by Dan Hamhuis.
0:08 of 2nd period - Stopped by Kevin Poulin with a rebound.
0:10 of 2nd period - Slapshot by Evgeni Malkin.
0:10 of 2nd period - Stopped by Kevin Poulin with a rebound.
0:22 of 2nd period - Minor Penalty to Wojtek Wolski for Hooking.
0:23 of 2nd period - Evgeni Malkin wins face-off versus Rene Bourque in Bruins zone.
0:34 of 2nd period - Snap shot by Evgeni Malkin.
0:34 of 2nd period - Goal by Evgeni Malkin - Bruins : 1 - Senateurs : 1.
0:35 of 2nd period - Evgeni Malkin wins face-off versus Henrik Sedin in neutral zone.
0:50 of 2nd period - Shane O'Brien is hit by Marian Hossa.
1:08 of 2nd period - Wrist shot by Radim Vrbata.
1:08 of 2nd period - Stopped by Kevin Poulin without a rebound.
1:09 of 2nd period - Evgeni Malkin wins face-off versus Henrik Sedin in Bruins zone.
1:15 of 2nd period - Snap shot by Evgeni Malkin.
1:15 of 2nd period - Shot Misses the Net.
1:40 of 2nd period - Slapshot by Wojtek Wolski.
1:40 of 2nd period - Shot Misses the Net.
1:46 of 2nd period - Snap shot by Nathan Horton.
1:46 of 2nd period - Stopped by Ondrej Pavelec with a rebound.
1:48 of 2nd period - Wrist shot by Cam Fowler.
1:48 of 2nd period - Stopped by Ondrej Pavelec with a rebound.
1:50 of 2nd period - Snap shot by Wojtek Wolski.
1:50 of 2nd period - Shot Misses the Net.
1:52 of 2nd period - Snap shot by Nathan Horton.
1:52 of 2nd period - Stopped by Ondrej Pavelec with a rebound.
1:54 of 2nd period - Snap shot by Wojtek Wolski.
1:54 of 2nd period - Deflect By Henrik Sedin.
1:54 of 2nd period - Shot Misses the Net.
1:54 of 2nd period - Puck is out of play.
1:55 of 2nd period - Evgeni Malkin wins face-off versus Viktor Stalberg in Senateurs zone.
2:37 of 2nd period - Wrist shot by Evgeni Malkin.
2:37 of 2nd period - Stopped by Kevin Poulin without a rebound.
2:38 of 2nd period - Daniel Briere wins face-off versus Henrik Sedin in Bruins zone.
3:01 of 2nd period - Minor Penalty to Henrik Sedin for Holding.
3:02 of 2nd period - Evgeni Malkin wins face-off versus Wojtek Wolski in Bruins zone.
3:36 of 2nd period - Snap shot by Brenden Morrow.
3:36 of 2nd period - Shot Misses the Net.
4:11 of 2nd period - Marian Hossa is hit by Tim Connolly and loses puck.
5:01 of 2nd period - Penalty to Henrik Sedin is over, Henrik Sedin is back on ice.
5:06 of 2nd period - Wrist shot by Tim Connolly.
5:06 of 2nd period - Shot Blocked by Cody Franson.
5:08 of 2nd period - Wrist shot by Victor Oreskovich.
5:08 of 2nd period - Shot Blocked by Dan Hamhuis.
6:19 of 2nd period - Wrist shot by Victor Oreskovich.
6:19 of 2nd period - Shot Misses the Net.
6:37 of 2nd period - Snap shot by Dave Bolland.
6:37 of 2nd period - Shot Blocked by Marian Hossa.
6:39 of 2nd period - Slapshot by Henrik Sedin.
6:39 of 2nd period - Deflect By Nathan Horton.
6:39 of 2nd period - Stopped by Ondrej Pavelec with a rebound.
7:07 of 2nd period - Jason Demers is hit by Dan Hamhuis and loses puck.
7:16 of 2nd period - Colton Parayko is hit by Jason Demers and loses puck.
7:58 of 2nd period - Wrist shot by Matt Cooke.
7:58 of 2nd period - Shot Misses the Net.
8:48 of 2nd period - Henrik Sedin is hit by Daniel Briere and loses puck.
9:34 of 2nd period - Marian Hossa is hit by Nikolai Zherdev and loses puck.
10:02 of 2nd period - Icing by Evgeni Malkin.
10:03 of 2nd period - Henrik Sedin wins face-off versus Cody Hodgson in Senateurs zone.
10:03 of 2nd period - Minor Penalty to Wojtek Wolski for Tripping.
10:04 of 2nd period - Rene Bourque wins face-off versus Evgeni Malkin in Bruins zone.
10:11 of 2nd period - Wrist shot by Henrik Sedin.
10:11 of 2nd period - Stopped by Ondrej Pavelec without a rebound.
10:12 of 2nd period - Evgeni Malkin wins face-off versus Rene Bourque in Senateurs zone.
10:32 of 2nd period - Icing by Evgeni Malkin.
10:33 of 2nd period - Rene Bourque wins face-off versus Marian Hossa in Senateurs zone.
10:38 of 2nd period - Slapshot by Jason Demers.
10:38 of 2nd period - Deflect By Rene Bourque.
10:38 of 2nd period - Stopped by Ondrej Pavelec without a rebound.
10:39 of 2nd period - Rene Bourque wins face-off versus Evgeni Malkin in Senateurs zone.
10:40 of 2nd period - Snap shot by Henrik Sedin.
10:40 of 2nd period - Shot Blocked by Cody Franson.
11:56 of 2nd period - Cody Franson is hit by Henrik Sedin and loses puck.
12:03 of 2nd period - Penalty to Wojtek Wolski is over, Wojtek Wolski is back on ice.
12:40 of 2nd period - Kevin Bieksa is hit by Cody Franson and loses puck.
12:53 of 2nd period - Brooks Orpik is hit by Casey Cizikas and loses puck.
12:58 of 2nd period - Wrist shot by Kris Chucko.
12:58 of 2nd period - Shot Blocked by Brooks Orpik.
13:02 of 2nd period - Snap shot by Casey Cizikas.
13:02 of 2nd period - Shot Misses the Net.
13:12 of 2nd period - Viktor Stalberg is hit by Tomas Jurco and loses puck.
13:17 of 2nd period - Wrist shot by Chris Kunitz.
13:17 of 2nd period - Deflect By Victor Oreskovich.
13:17 of 2nd period - Shot Misses the Net.
13:17 of 2nd period - Puck is out of play.
13:18 of 2nd period - Rene Bourque wins face-off versus Daniel Briere in Bruins zone.
13:29 of 2nd period - Shane O'Brien is hit by Thomas Vanek and loses puck.
14:02 of 2nd period - Slapshot by Dave Bolland.
14:02 of 2nd period - Stopped by Ondrej Pavelec with a rebound.
14:04 of 2nd period - Slapshot by Shane O'Brien.
14:04 of 2nd period - Stopped by Ondrej Pavelec with a rebound.
14:06 of 2nd period - Wrist shot by Dave Bolland.
14:06 of 2nd period - Shot Misses the Net.
14:08 of 2nd period - Slapshot by Matt Cooke.
14:08 of 2nd period - Stopped by Ondrej Pavelec without a rebound.
14:09 of 2nd period - Henrik Sedin wins face-off versus Evgeni Malkin in Senateurs zone.
15:22 of 2nd period - Minor Penalty to Brenden Morrow for Hooking.
15:23 of 2nd period - Henrik Sedin wins face-off versus Evgeni Malkin in Senateurs zone.
16:33 of 2nd period - Victor Oreskovich is hit by Chris Kunitz and loses puck.
17:22 of 2nd period - Penalty to Brenden Morrow is over, Brenden Morrow is back on ice.
18:12 of 2nd period - Casey Cizikas is hit by Vladimir Mihalik and loses puck.
18:55 of 2nd period - Cam Fowler is hit by Tomas Jurco and loses puck.
19:59 of 2nd period - Shane O'Brien is hit by Tomas Jurco and loses puck.
Goals for this period are 0 for Bruins vs 1 for Senateurs.
Shots for this period are 9 for Bruins vs 6 for Senateurs.
3rd period
0:01 of 3rd period - Henrik Sedin wins face-off versus Evgeni Malkin in neutral zone.
0:10 of 3rd period - Slapshot by Carlo Colaiacovo.
0:10 of 3rd period - Stopped by Kevin Poulin with a rebound.
0:12 of 3rd period - Snap shot by Marian Hossa.
0:12 of 3rd period - Stopped by Kevin Poulin with a rebound.
0:16 of 3rd period - Slapshot by Evgeni Malkin.
0:16 of 3rd period - Stopped by Kevin Poulin with a rebound.
0:31 of 3rd period - Snap shot by Daniel Briere.
0:31 of 3rd period - Deflect By Thomas Vanek.
0:31 of 3rd period - Stopped by Kevin Poulin without a rebound.
0:32 of 3rd period - Daniel Briere wins face-off versus Tim Connolly in Bruins zone.
0:35 of 3rd period - Wrist shot by Thomas Vanek.
0:35 of 3rd period - Stopped by Kevin Poulin without a rebound.
0:36 of 3rd period - Daniel Briere wins face-off versus Henrik Sedin in Bruins zone.
0:44 of 3rd period - Icing by Andrew Alberts.
0:45 of 3rd period - Henrik Sedin wins face-off versus Evgeni Malkin in Bruins zone.
1:13 of 3rd period - Backhand shot by Nathan Horton.
1:13 of 3rd period - Shot Blocked by Carlo Colaiacovo.
1:15 of 3rd period - Slapshot by Andrew Alberts.
1:15 of 3rd period - Shot Blocked by Cody Franson.
1:17 of 3rd period - Slapshot by Andrew Alberts.
1:17 of 3rd period - Shot Misses the Net.
1:19 of 3rd period - Snap shot by Nathan Horton.
1:19 of 3rd period - Stopped by Ondrej Pavelec without a rebound.
1:20 of 3rd period - Evgeni Malkin wins face-off versus Victor Oreskovich in Senateurs zone.
1:20 of 3rd period - Evgeni Malkin is hit by Tim Connolly.
1:28 of 3rd period - Snap shot by Marian Hossa.
1:28 of 3rd period - Shot Blocked by Jason Demers.
1:46 of 3rd period - Daniel Briere is hit by Rene Bourque and loses puck.
2:08 of 3rd period - Shane O'Brien is hit by Cody Franson and loses puck.
2:17 of 3rd period - Cody Franson is hit by Kris Chucko and loses puck.
3:20 of 3rd period - Wrist shot by Matt Cooke.
3:20 of 3rd period - Shot Blocked by Dan Hamhuis.
3:38 of 3rd period - Snap shot by Radim Vrbata.
3:38 of 3rd period - Goal by Radim Vrbata - Bruins : 1 - Senateurs : 2.
3:39 of 3rd period - Henrik Sedin wins face-off versus Evgeni Malkin in neutral zone.
3:50 of 3rd period - Snap shot by Evgeni Malkin.
3:50 of 3rd period - Shot Misses the Net.
4:15 of 3rd period - Slapshot by Daniel Briere.
4:15 of 3rd period - Deflect By Viktor Stalberg.
4:15 of 3rd period - Stopped by Kevin Poulin with a rebound.
4:27 of 3rd period - Snap shot by Dave Bolland.
4:27 of 3rd period - Shot Misses the Net.
4:29 of 3rd period - Wrist shot by Shane O'Brien.
4:29 of 3rd period - Deflect By Matt Cooke.
4:29 of 3rd period - Shot Misses the Net.
4:29 of 3rd period - Puck is out of play.
4:30 of 3rd period - Evgeni Malkin wins face-off versus Dave Bolland in Senateurs zone.
5:03 of 3rd period - Slapshot by Dan Hamhuis.
5:03 of 3rd period - Shot Blocked by Andrew Alberts.
5:05 of 3rd period - Slapshot by Colton Parayko.
5:05 of 3rd period - Deflect By Wojtek Wolski.
5:05 of 3rd period - Stopped by Kevin Poulin without a rebound.
5:06 of 3rd period - Evgeni Malkin wins face-off versus Henrik Sedin in Bruins zone.
5:09 of 3rd period - Wrist shot by Evgeni Malkin.
5:09 of 3rd period - Stopped by Kevin Poulin without a rebound.
5:10 of 3rd period - Henrik Sedin wins face-off versus Evgeni Malkin in Bruins zone.
5:41 of 3rd period - Snap shot by Daniel Briere.
5:41 of 3rd period - Stopped by Kevin Poulin without a rebound.
5:42 of 3rd period - Tim Connolly wins face-off versus Thomas Vanek in Bruins zone.
5:49 of 3rd period - Snap shot by Radim Vrbata.
5:49 of 3rd period - Stopped by Kevin Poulin with a rebound.
6:15 of 3rd period - Wrist shot by Victor Oreskovich.
6:15 of 3rd period - Deflect By Viktor Stalberg.
6:15 of 3rd period - Shot Blocked by Colton Parayko.
6:15 of 3rd period - Puck is out of play.
6:16 of 3rd period - Henrik Sedin wins face-off versus Cody Hodgson in Senateurs zone.
6:17 of 3rd period - Wrist shot by Wojtek Wolski.
6:17 of 3rd period - Shot Misses the Net.
6:19 of 3rd period - Slapshot by Jason Demers.
6:19 of 3rd period - Shot Misses the Net.
6:21 of 3rd period - Backhand shot by Shane O'Brien.
6:21 of 3rd period - Shot Blocked by Cody Hodgson.
6:23 of 3rd period - Wrist shot by Nathan Horton.
6:23 of 3rd period - Stopped by Ondrej Pavelec with a rebound.
6:25 of 3rd period - Wrist shot by Henrik Sedin.
6:25 of 3rd period - Goal by Henrik Sedin - Bruins : 2 - Senateurs : 2.
6:26 of 3rd period - Evgeni Malkin wins face-off versus Henrik Sedin in neutral zone.
6:39 of 3rd period - Snap shot by Wojtek Wolski.
6:39 of 3rd period - Shot Misses the Net.
6:51 of 3rd period - Jason Demers is hit by Dan Hamhuis and loses puck.
6:58 of 3rd period - Wrist shot by Cam Fowler.
6:58 of 3rd period - Shot Misses the Net.
7:03 of 3rd period - Off-side.
7:04 of 3rd period - Evgeni Malkin wins face-off versus Wojtek Wolski in neutral zone.
7:09 of 3rd period - Slapshot by Evgeni Malkin.
7:09 of 3rd period - Stopped by Kevin Poulin without a rebound.
7:10 of 3rd period - Evgeni Malkin wins face-off versus Henrik Sedin in Bruins zone.
7:23 of 3rd period - Slapshot by Cody Franson.
7:23 of 3rd period - Shot Blocked by Nathan Horton.
7:25 of 3rd period - Slapshot by Evgeni Malkin.
7:25 of 3rd period - Shot Blocked by Nathan Horton.
7:34 of 3rd period - Off-side.
7:35 of 3rd period - Tim Connolly wins face-off versus Daniel Briere in neutral zone.
7:58 of 3rd period - Minor Penalty to Wojtek Wolski for Cross-checking.
7:59 of 3rd period - Evgeni Malkin wins face-off versus Rene Bourque in Bruins zone.
8:03 of 3rd period - Snap shot by Evgeni Malkin.
8:03 of 3rd period - Goal by Evgeni Malkin - Bruins : 2 - Senateurs : 3.
8:04 of 3rd period - Evgeni Malkin wins face-off versus Henrik Sedin in neutral zone.
8:40 of 3rd period - Snap shot by Thomas Vanek.
8:40 of 3rd period - Shot Misses the Net.
9:42 of 3rd period - Off-side.
9:43 of 3rd period - Daniel Briere wins face-off versus Henrik Sedin in neutral zone.
9:57 of 3rd period - Slapshot by Radim Vrbata.
9:57 of 3rd period - Shot Blocked by Cam Fowler.
9:59 of 3rd period - Slapshot by Cody Franson.
9:59 of 3rd period - Shot Misses the Net.
10:09 of 3rd period - Cody Franson is hit by Victor Oreskovich and loses puck.
10:18 of 3rd period - Slapshot by Tim Connolly.
10:18 of 3rd period - Stopped by Ondrej Pavelec with a rebound.
11:10 of 3rd period - Minor Penalty to Vladimir Mihalik for Roughing.
11:11 of 3rd period - Wojtek Wolski wins face-off versus Evgeni Malkin in Senateurs zone.
11:15 of 3rd period - Slapshot by Nathan Horton.
11:15 of 3rd period - Shot Misses the Net.
11:35 of 3rd period - Dan Hamhuis is hit by Wojtek Wolski.
12:18 of 3rd period - Off-side.
12:19 of 3rd period - Thomas Vanek wins face-off versus Victor Oreskovich in neutral zone.
12:32 of 3rd period - Snap shot by Andrew Alberts.
12:32 of 3rd period - Deflect By Tim Connolly.
12:32 of 3rd period - Shot Misses the Net.
12:32 of 3rd period - Puck is out of play.
12:33 of 3rd period - Evgeni Malkin wins face-off versus Tim Connolly in Senateurs zone.
13:10 of 3rd period - Penalty to Vladimir Mihalik is over, Vladimir Mihalik is back on ice.
13:24 of 3rd period - Wrist shot by Cody Hodgson.
13:24 of 3rd period - Stopped by Kevin Poulin with a rebound.
13:26 of 3rd period - Wrist shot by Cody Hodgson.
13:26 of 3rd period - Stopped by Kevin Poulin with a rebound.
13:28 of 3rd period - Wrist shot by Sergei Kostitsyn.
13:28 of 3rd period - Shot Misses the Net.
13:36 of 3rd period - Minor Penalty to Jason Demers for Hooking.
13:37 of 3rd period - Wojtek Wolski wins face-off versus Evgeni Malkin in Bruins zone.
13:50 of 3rd period - Slapshot by Henrik Sedin.
13:50 of 3rd period - Shot Misses the Net.
13:52 of 3rd period - Slapshot by Cam Fowler.
13:52 of 3rd period - Stopped by Ondrej Pavelec without a rebound.
13:53 of 3rd period - Colby Armstrong wins face-off versus Wojtek Wolski in Senateurs zone.
14:26 of 3rd period - Slapshot by Evgeni Malkin.
14:26 of 3rd period - Shot Hit the Post.
14:28 of 3rd period - Slapshot by Dan Hamhuis.
14:28 of 3rd period - Stopped by Kevin Poulin without a rebound.
14:29 of 3rd period - Tim Connolly wins face-off versus Daniel Briere in Bruins zone.
14:37 of 3rd period - Off-side.
14:38 of 3rd period - Daniel Briere wins face-off versus Wojtek Wolski in neutral zone.
14:54 of 3rd period - Icing by Vladimir Mihalik.
14:55 of 3rd period - Wojtek Wolski wins face-off versus Daniel Briere in Senateurs zone.
14:58 of 3rd period - Snap shot by Wojtek Wolski.
14:58 of 3rd period - Shot Blocked by Vladimir Mihalik.
15:10 of 3rd period - Snap shot by Colby Armstrong.
15:10 of 3rd period - Goal by Colby Armstrong - Bruins : 2 - Senateurs : 4.
15:11 of 3rd period - Cody Hodgson wins face-off versus Dave Bolland in neutral zone.
15:54 of 3rd period - Minor Penalty to Colton Parayko for Roughing.
15:55 of 3rd period - Henrik Sedin wins face-off versus Evgeni Malkin in Senateurs zone.
16:00 of 3rd period - Snap shot by Henrik Sedin.
16:00 of 3rd period - Stopped by Ondrej Pavelec with a rebound.
16:02 of 3rd period - Slapshot by Wojtek Wolski.
16:02 of 3rd period - Deflect By Nathan Horton.
16:02 of 3rd period - Shot Misses the Net.
16:02 of 3rd period - Puck is out of play.
16:03 of 3rd period - Evgeni Malkin wins face-off versus Wojtek Wolski in Senateurs zone.
16:49 of 3rd period - Icing by Shane O'Brien.
16:50 of 3rd period - Henrik Sedin wins face-off versus Thomas Vanek in Bruins zone.
17:03 of 3rd period - Slapshot by Wojtek Wolski.
17:03 of 3rd period - Shot Misses the Net.
17:05 of 3rd period - Slapshot by Shane O'Brien.
17:05 of 3rd period - Shot Misses the Net.
17:07 of 3rd period - Snap shot by Henrik Sedin.
17:07 of 3rd period - Stopped by Ondrej Pavelec with a rebound.
17:09 of 3rd period - Wrist shot by Henrik Sedin.
17:09 of 3rd period - Goal by Henrik Sedin - Bruins : 3 - Senateurs : 4.
17:10 of 3rd period - Cody Hodgson wins face-off versus Dave Bolland in neutral zone.
17:37 of 3rd period - Andrew Alberts is hit by Colton Parayko and loses puck.
18:10 of 3rd period - Minor Penalty to Radim Vrbata for Slashing.
18:11 of 3rd period - Evgeni Malkin wins face-off versus Henrik Sedin in Senateurs zone.
18:36 of 3rd period - Dan Hamhuis is hit by Victor Oreskovich.
18:40 of 3rd period - Snap shot by Victor Oreskovich.
18:40 of 3rd period - Shot Misses the Net.
18:42 of 3rd period - Snap shot by Cam Fowler.
18:42 of 3rd period - Shot Blocked by Dan Hamhuis.
18:46 of 3rd period - Bruins, Kevin Poulin is pulled from the net.
Goals for this period are 2 for Bruins vs 3 for Senateurs.
Shots for this period are 8 for Bruins vs 17 for Senateurs.
Back to the Top